 Dungeon Crawl Stone Soup version 0.31-a0-971-g75a2e9a4b4 (webtiles) character file.

Game seed: 5689483653682624785

51376 jasper the Mimic (level 14, -9/154 HPs)
             Began as a Demonspawn Air Elementalist on Oct 28, 2023.
             Was a High Priest of Okawaru.
             Mangled by a two-headed ogre
             ... wielding a +0 giant spiked club
              (25 damage)
             ... on level 2 of the Orcish Mines.
             The game lasted 00:39:45 (21141 turns).

jasper the Mimic (Demonspawn Air Elementalist)     Turns: 21141, Time: 00:39:46

Health: -9/154     AC: 11    Str: 17    XL:     14   Next: 23%
Magic:  17/17      EV: 18    Int: 16    God:    Okawaru [*****.]
Gold:   1111       SH:  0    Dex: 18    Spells: 13/17 levels left

rFire   + .          .
                       - Unarmed
rCold   + . .        (shield currently unavailable)
rNeg    + . .        F - melded +2 robe {rC+ rF+}
rPois   +            (helmet currently unavailable)
rElec   .            (cloak currently unavailable)
rCorr   .            (gloves currently unavailable)
SInv    +            (boots currently unavailable)
Will    +....        l - amulet of the Lobster {rC+ Regen+ Stlth+}
Stlth   +++          m - +5 ring of evasion
HPRegen 1.25/turn    Z - ring "Nowk" {rPois rF+ rN+ Dex+2 SInv}
MPRegen 0.15/turn

%: no passive effects
@: snake-form, studying Fighting
A: constrict, boosted hp, large, (claws 2), (horns 2), ignite blood 1, (spiny
1), (weakness stinger 2), (fangs 1), (cold resistance 1), robust 1
a: Begin Untransformation, Renounce Religion, Heroism, Finesse, Duel


You were on level 2 of the Orcish Mines.
You worshipped Okawaru.
Okawaru was extremely pleased with you.
You were an enormous anaconda.
You visited 3 branches of the dungeon, and saw 18 of its levels.
You also visited: Ossuary, Bailey and Gauntlet.

You collected 1865 gold pieces.
You spent 754 gold pieces at shops.

Inventory:

Missiles
 i - 42 boomerangs
 W - 8 curare-tipped darts
Armour
 v - the +0 buckler "Zim Icoi" {rN+}
   (You found it on level 4 of the Lair of Beasts)

   rN+:       It protects you from negative energy.
 F - a +2 robe of resistance (melded)
Jewellery
 c - a +4 ring of slaying
 l - the amulet of the Lobster (around neck) {rC+ Regen+ Stlth+}
   (You found it in a Gauntlet)

   [amulet of regeneration]

   rC+:       It protects you from cold.
   Regen+:    It increases your rate of health regeneration.
   Stlth+:    It makes you more stealthy.
 m - a +5 ring of evasion (left hand)
 n - a ring of positive energy
 p - a ring of protection from cold
 C - a ring of protection from fire
 H - an amulet of magic regeneration
 J - the ring of Miracles {rF++ rCorr}
   (You acquired it in a bailey)

   [ring of resist corrosion]

   rF++:      It greatly protects you from fire.
   rCorr:     It protects you from acid and corrosion.
 K - the ring "Loppiebb" {Str+6 Dex+2}
   (You found it in a Gauntlet)

   [ring of strength]

   Str+6:     It affects your strength (+6).
   Dex+2:     It affects your dexterity (+2).
 P - a ring of flight
 X - a ring of see invisible
 Z - the ring "Nowk" (right hand) {rPois rF+ rN+ Dex+2 SInv}
   (You bought it in a shop on level 2 of the Dungeon)

   [ring of poison resistance]

   Dex+2:     It affects your dexterity (+2).
   rF+:       It protects you from fire.
   rPois:     It protects you from poison rN+: It protects you from negative
   energy.
   SInv:      It lets you see invisible.
Talismans
 a - a maw talisman
 E - a serpent talisman (active)
Wands
 q - a wand of mindburst (8)
 r - a wand of digging (7)
 A - a wand of polymorph (14)
 R - a wand of flame (12)
 U - a wand of roots (12)
 Y - a wand of acid (6)
Scrolls
 e - a scroll of torment
 o - a scroll of revelation
 t - 2 scrolls of teleportation
 w - 4 scrolls of silence
 y - 4 scrolls of enchant weapon
 D - a scroll of fog
 N - 2 scrolls of identify
 Q - 4 scrolls of enchant armour
 V - a scroll of poison
Potions
 b - 3 potions of magic
 f - 3 potions of enlightenment
 g - 2 potions of attraction
 h - 3 potions of berserk rage
 j - 3 potions of resistance
 k - 4 potions of might
 u - 9 potions of curing
 x - 11 potions of ambrosia
 z - 3 potions of mutation
 I - 4 potions of haste
 L - a potion of invisibility
 O - a potion of cancellation
 S - 2 potions of lignification
Miscellaneous
 M - a phial of floods


   Skills:
 + Level 13.4 Fighting
 + Level 6.6 Dodging
 - Level 1.7 Stealth
 + Level 11.8 Unarmed Combat
 - Level 2.0 Spellcasting
 - Level 1.7 Conjurations
 - Level 3.0 Air Magic
 - Level 3.0 Invocations
 + Level 14.1 Shapeshifting


You had 13 spell levels left.
You knew the following spells:

 Your Spells              Type           Power      Damage    Failure   Level
a - Shock                 Conj/Air       36%        1d5       8%          1
b - Swiftness             Air            11%        N/A       17%         3

Your spell library contained the following spells:

 Spells                   Type           Power      Damage    Failure   Level
 Static Discharge         Conj/Air       18%        3-4/arc   12%         2
 Poisonous Vapours        Pois/Air       12%        N/A       17%         2
 Apportation              Tloc           2%         N/A       21%         1
 Freeze                   Ice            4%         1d3       21%         1
 Necrotise                Necr           4%         1d4       21%         1
 Mephitic Cloud           Conj/Pois/Air  6%         N/A       32%         3
 Dazzling Flash           Conj/Hex       8%         N/A       41%         3
 Hailstorm                Conj/Ice       4%         3d4       41%         3
 Airstrike                Air            5%         2d(1-17)  50%         4
 Frozen Ramparts          Ice            2%         1d1       52%         3
 Brom's Barrelling Bould  Conj/Erth      4%         2d3       82%         4
 Iskenderun's Battlesphe  Conj           7%         2d6       95%         5
 Freezing Cloud           Conj/Ice/Air   3%         6-21      96%         5
 Silence                  Hex/Air        3%         N/A       97%         5
 Agony                    Necr           1%         N/A       99%         5
 Alistair's Intoxication  Tmut/Pois      0%         N/A       99%         5
 Borgnjor's Vile Clutch   Necr/Erth      0%         N/A       99%         5
 Fireball                 Conj/Fire      2%         3d4       99%         5
 Conjure Ball Lightning   Conj/Air       4%         3x3d6     100%        6
 Eringya's Noxious Bog    Tmut/Pois      0%         4d6       100%        6
 Orb of Destruction       Conj           3%         9d5       100%        7
 Discord                  Hex            0%         N/A       100%        8
 Disjunction              Tloc           0%         N/A       100%        8
 Summon Small Mammal      Summ           Unusable   N/A       N/A         1

Dungeon Overview and Level Annotations

Branches:
Dungeon (11/15)            Temple (0/1) D:4            Lair (5/5) D:9
 Shoals (0/4) Lair:2        Snake (0/4) Lair:3        Slime (0/5) Lair:4
    Orc (2/2) D:11            Elf (0/3) Orc:2       Ossuary (visited)
 Bailey (visited)         Gauntlet (visited)

Altars:
Dithmenos
Fedhas
Gozag
Hepliaklqana
Okawaru
Ru
Vehumet
Wu Jian
Jiyva

Shops:
D:2 *   D:4 *   Orc:1 *   Orc:2 (([

Annotations:
D:3 exclusion: oklob plant
Lair:4 1 runed translucent door


Innate Abilities, Weirdness & Mutations

You are an enormous anaconda.
You have a powerful constriction melee attack.
Your maximum health is increased.
Your armour is entirely melded.
You are incapable of wielding weapons or throwing items.
((You have very sharp fingernails.))
((You have a pair of horns on your head.))
Your demonic aura sometimes causes spilled blood to erupt in flames.
((You are partially covered in sharp spines.))
((You have a tail ending in a sharp stinger.))
((You have very sharp teeth.))
((Your flesh is cold resistant. (rC+)))
You are robust. (+10% HP)


Message History

An orc comes into view. It is wielding a +0 dagger.
You hear a shout! x4
The troll bites you! The troll closely misses you. The troll barely misses you.
You take 10 damage, and have 65/154 hp.
MP restored: 17 Your surroundings suddenly seem different.
A cyclops, 8 ogres, an orc priest and an orc come into view.
Found Nevumou's Armour Shoppe.
Found a roughly hewn altar of Beogh.
You feel like a meek peon again.
The ogre shouts! x4; You hear a shout!
You regained 2 hp, and now have 68/154 hp.
The ogre attacks as it pursues you! The ogre misses you.
As you read the scroll of teleportation, it crumbles to dust.
You feel strangely unstable. The orc barely misses you.
The two-headed ogre attacks as it pursues you!
The two-headed ogre hits you with a +0 giant club!!
The two-headed ogre hits you with a +0 giant spiked club!!
* * * LOW HITPOINT WARNING * * *
The orc attacks as it pursues you! The orc misses you.
You take 38 damage, and have 32/154 hp.
MASSIVE DAMAGE!!
Your surroundings suddenly seem different.
A two-headed ogre comes into view.
It is wielding a +0 giant spiked club and a +0 giant club.
Found Kepac's Weapon Emporium.
You regained 2 hp, and now have 34/154 hp.
You barely miss the two-headed ogre.
The two-headed ogre shouts in stereo!
You grab the two-headed ogre. You constrict the two-headed ogre.
The two-headed ogre hits you with a +0 giant spiked club!
* * * LOW HITPOINT WARNING * * *
The two-headed ogre hits you with a +0 giant club!
* * * LOW HITPOINT WARNING * * *
You take 20 damage, and have 14/154 hp.
You hit the two-headed ogre but do no damage.
The two-headed ogre is lightly wounded.
You constrict the two-headed ogre.
You body-slam the two-headed ogre!!
The two-headed ogre is heavily wounded.
You constrict the two-headed ogre.
The two-headed ogre hits you with a +0 giant spiked club!!
You die...

#.O..# ...# ....##
#..............
.....# #.#.∩........
. #.#.## ##.........
.. ##### #........#
... #####
##.......#....
##.O##
#.............
T.TO.#
#...∩..O......
..)T##
#.....S.......
.##.##
#.............
##...##
##..#........#
#.....# ##
##......## .#....#
##...### .....##
#####.### ......####
##.##...
.....##..###...##.##
###
..........#...##...#
##.##


You could see a two-headed ogre.

Vanquished Creatures
  An orc warlord (Bailey)
  A minotaur (Gauntlet)
  A hydra (Lair:4)
  The ghost of Dicwisan the Geomancer, a journeyman GrEE of Vehumet (Lair:1)
  2 ogre magi (Orc:2)
  Erica (D:9)
  4 two-headed ogres
  5 death yaks (Lair:3)
  The ghost of Gormless the Gouger, a journeyman FeCK of Xom (Lair:1)
  Sonja (Lair:3)
  An arcanist (Gauntlet)
  A lindwurm (Lair:3)
  A shining eye (Gauntlet)
  A cyclops (D:11)
  15 elephants
  Maurice (D:8)
  A manticore (Lair:2)
  An apocalypse crab (Gauntlet)
  A black mamba (Lair:1)
  A minotaur zombie (Gauntlet)
  11 cane toads
  An unseen horror (D:11)
  3 kobold demonologists (D:11)
  2 komodo dragons
  3 rime drakes
  6 trolls
  3 meliai (Lair:4)
  A queen bee (Lair:4)
  A wind drake (Lair:2)
  24 blink frogs
  Grinder (D:4)
  Sigmund (D:5)
  3 spriggans (Lair:2)
  3 wyverns
  3 basilisks
  37 yaks
  A golden eye (Gauntlet)
  A steam dragon (D:10)
  A warg (Orc:1)
  4 nagas (Lair:3)
  9 water moccasins
  An acid dragon (D:8)
  Duvessa (D:4)
  A sky beast (D:8)
  3 ice beasts
  2 black bears
  11 orc warriors
  11 ogres
  15 wolves
  4 centaurs
  4 kobold brigands
  Blork the orc (D:4)
  8 bullfrogs
  A scorpion (D:5)
  2 water moccasin zombies (Ossuary)
  Dowan (D:4)
  31 killer bees
  2 howler monkeys
  6 orc priests
  3 gnoll boudas
  2 hounds
  A jelly (D:7)
  A sleepcap (D:8)
  2 iguanas (D:4)
  21 orc wizards
  2 hell rats (Lair:4)
  3 mummies
  17 gnolls
  2 adders
  10 river rats (Lair:4)
  A shadow imp (D:6)
  3 white imps (Gauntlet)
  4 ufetubi
  2 adder zombies (Ossuary)
  A dart slug (D:1)
  43 orcs
  5 bats
  7 endoplasms
  6 giant cockroaches
  4 gnoll zombies (Ossuary)
  9 goblins
  7 hobgoblins
  30 kobolds
  4 quokkas
  6 ball pythons
  3 frilled lizards
  6 hobgoblin zombies
  9 kobold zombies
  2 orc zombies (Ossuary)
  7 rats
489 creatures vanquished.

Notes
Turn   | Place    | Note
-------+----------+-------------------------------------------
     0 | D:1      | jasper the Demonspawn Air Elementalist began the quest for
                  | the Orb.
     0 | D:1      | Reached XP level 1. HP: 13/13 MP: 3/3
   516 | D:1      | Discovered your monstrous ancestry.
   516 | D:1      | Gained mutation: You have a pair of small horns on your
                  | head. [demonic ancestry]
   516 | D:1      | Reached XP level 2. HP: 19/19 MP: 1/5
  1564 | D:2      | Found the +5 woodcutter's axe
  1786 | D:2      | Reached skill level 1 in Unarmed Combat
  1873 | D:2      | Gained mutation: You have sharp fingernails. [demonic
                  | ancestry]
  1873 | D:2      | Reached XP level 3. HP: 25/25 MP: 0/6
  2011 | D:2      | Reached skill level 1 in Fighting
  2461 | D:2      | Found Jeorymesm's General Store.
  2480 | D:2      | Bought a potion of might for 52 gold pieces
  2545 | D:3      | Gained mutation: You have very sharp fingernails. [demonic
                  | ancestry]
  2545 | D:3      | Reached XP level 4. HP: 31/33 MP: 1/7
  3162 | D:3      | Found a blossoming altar of Fedhas.
  3186 | D:3      | Noticed an oklob plant
  3650 | D:4      | Noticed Duvessa
  3742 | D:4      | You fall into a shaft and drop 2 floors!
  3749 | D:5      | Entered Level 5 of the Dungeon
  3749 | D:5      | Noticed Sigmund
  3761 | D:6      | Noticed an ice beast
  3767 | D:6      | Gained mutation: You have a small tail. [demonic ancestry]
  3767 | D:6      | Reached XP level 5. HP: 32/38 MP: 4/8
  3769 | D:6      | Killed an ice beast
  3784 | D:6      | Noticed an ogre
  3785 | D:6      | Found an iron altar of Okawaru.
  3791 | D:6      | Killed an ogre
  3792 | D:6      | Gained mutation: You have a pair of horns on your head.
                  | [demonic ancestry]
  3792 | D:6      | Reached XP level 6. HP: 47/47 MP: 4/9
  4091 | D:6      | Became a worshipper of Warmaster Okawaru
  4584 | D:7      | Found a sand-covered staircase.
  4591 | Ossuary  | Entered an ossuary
  4678 | Ossuary  | Learned a level 3 spell: Swiftness
  4722 | Ossuary  | Reached skill level 5 in Unarmed Combat
  4743 | Ossuary  | Reached XP level 7. HP: 50/53 MP: 10/10
  5734 | D:6      | Reached * piety under Okawaru
  5823 | D:6      | Reached skill level 5 in Fighting
  5878 | D:6      | Identified the +6 dagger "Beastbane" {flame, rElec rF-
                  | rCorr}
  5964 | D:6      | Reached XP level 8. HP: 55/63 MP: 11/11
  6466 | D:5      | Killed Sigmund
  6614 | D:5      | Reached ** piety under Okawaru
  6985 | D:4      | Found a shadowy altar of Dithmenos.
  7000 | D:4      | Noticed Blork the orc
  7018 | D:4      | Killed Blork the orc
  7204 | D:4      | Noticed Dowan
  7229 | D:4      | Killed Dowan
  7361 | D:8      | Noticed Maurice
  7368 | D:8      | Something stole a +1 whip of electrocution
  7370 | D:8      | Something stole a serpent talisman
  7372 | D:8      | Something stole an amulet of magic regeneration
  7375 | D:8      | Something stole 5 boomerangs
  7376 | D:8      | Something stole 312 gold
  7379 | D:8      | Killed Maurice
  7380 | D:8      | Reached XP level 9. HP: 55/72 MP: 8/12
  7526 | D:8      | Found a flagged portal.
  7617 | Bailey   | Entered a bailey
  7770 | Bailey   | Noticed an orc warlord
  8038 | Bailey   | Found a runed translucent gate.
  8051 | Bailey   | Found a runed translucent gate.
  8052 | Bailey   | Found a runed translucent gate.
  8239 | Bailey   | Identified a scroll of acquirement
  8239 | Bailey   | Acquired the ring of Miracles {rF++ rCorr}
  8481 | Bailey   | Killed an orc warlord
  8655 | Bailey   | Reached skill level 8 in Shapeshifting
  8655 | Bailey   | Gained mutation: You have a tail ending in a sharp stinger.
                  | [demonic ancestry]
  8655 | Bailey   | Reached XP level 10. HP: 83/83 MP: 13/13
  8804 | D:8      | Found a hazy altar of Hepliaklqana.
  9024 | D:8      | Found a sacrificial altar of Ru.
  9026 | D:8      | Found a radiant altar of Vehumet.
  9245 | D:9      | Reached XP level 11. HP: 87/89 MP: 14/14
  9353 | D:9      | Reached *** piety under Okawaru
  9610 | D:9      | Found a staircase to the Lair.
  9613 | D:9      | Noticed Erica
  9624 | D:9      | Killed Erica
  9625 | D:9      | Reached skill level 10 in Fighting
  9899 | D:9      | Reached skill level 10 in Unarmed Combat
  9992 | D:9      | Found an ornate altar of the Wu Jian Council.
 10126 | D:9      | Identified the +7 chain mail of Vofoygu {rPois}
 10314 | D:10     | Entered Level 10 of the Dungeon
 10398 | D:10     | Reached skill level 9 in Shapeshifting
 10540 | D:10     | Reached **** piety under Okawaru
 10763 | D:10     | Noticed a two-headed ogre
 10772 | D:10     | Killed a two-headed ogre
 10836 | D:10     | Noticed a two-headed ogre
 10844 | D:10     | Killed a two-headed ogre
 10845 | D:10     | Reached skill level 10 in Shapeshifting
 11887 | D:11     | Noticed a red ugly thing
 11931 | D:11     | Reached ***** piety under Okawaru
 11933 | D:11     | Noticed a sun demon
 11942 | D:11     | Reached skill level 11 in Shapeshifting
 11942 | D:11     | Found a staircase to the Orcish Mines.
 12208 | D:11     | Received a gift from Okawaru
 12209 | D:11     | Reached XP level 12. HP: 77/97 MP: 15/15
 12504 | D:4      | Found a staircase to the Ecumenical Temple.
 12519 | D:4      | Killed Duvessa
 12573 | D:4      | Found an opulent altar of Gozag.
 12577 | D:4      | Found Gozag's Platinum Reserve.
 12660 | D:4      | Noticed Grinder
 12666 | D:4      | Killed Grinder
 12989 | D:2      | Bought the ring "Nowk" {rPois rF+ rN+ Dex+2 SInv} for 605
                  | gold pieces
 12989 | D:2      | Bought a scroll of blinking for 97 gold pieces
 13117 | IceCv    | Identified the of Moarphy
 13117 | IceCv    | Identified the "Plog"
 13117 | Lair:1   | Entered Level 1 of the Lair of Beasts
 13251 | Lair:1   | Found a runed translucent gate.
 13257 | Lair:1   | Found a runed translucent gate.
 13258 | Lair:1   | Found a runed translucent gate.
 13261 | Lair:1   | Noticed Gormless's ghost (journeyman FeCK)
 13261 | Lair:1   | Noticed Dicwisan's ghost (journeyman GrEE)
 13502 | Lair:1   | Reached skill level 12 in Shapeshifting
 14325 | Lair:1   | Killed Gormless's ghost
 14344 | Lair:1   | Killed Dicwisan's ghost
 14344 | Lair:1   | Received a gift from Okawaru
 14617 | Lair:2   | Found a staircase to the Shoals.
 14965 | Lair:2   | Reached skill level 13 in Shapeshifting
 15065 | Lair:2   | HP: 4/116 [elephant (10)]
 15348 | Lair:2   | Received a gift from Okawaru
 15576 | Lair:2   | Gained mutation: You are partially covered in sharp spines.
                  | [demonic ancestry]
 15576 | Lair:2   | Reached XP level 13. HP: 44/104 MP: 16/16
 16703 | Lair:3   | Noticed Sonja
 16724 | Lair:3   | Killed Sonja
 16724 | Lair:3   | Received a gift from Okawaru
 17691 | Lair:3   | Reached skill level 5 in Dodging
 17695 | Lair:3   | Received a gift from Okawaru
 17856 | Lair:3   | Found a staircase to the Snake Pit.
 18028 | Lair:3   | You fall into a shaft and drop 2 floors!
 18028 | Lair:5   | Entered Level 5 of the Lair of Beasts
 18043 | Lair:4   | Found a gate leading to a gauntlet.
 18053 | Gauntlet | Entered a Gauntlet
 18053 | Gauntlet | Found a transporter.
 18053 | Gauntlet | Found a transporter.
 18078 | Gauntlet | Found a transporter.
 18099 | Gauntlet | Found a transporter.
 18107 | Gauntlet | Found a transporter.
 18107 | Gauntlet | Found a transporter.
 18109 | Gauntlet | Found a transporter.
 18109 | Gauntlet | Found a transporter.
 18110 | Gauntlet | Found a transporter.
 18121 | Gauntlet | Found a transporter.
 18137 | Gauntlet | Found a transporter.
 18147 | Gauntlet | Found a transporter.
 18161 | Gauntlet | Found a transporter.
 18195 | Gauntlet | Found a transporter.
 18302 | Gauntlet | Gained mutation: You sometimes lose your temper in combat.
                  | [a shining eye]
 18306 | Gauntlet | Gained mutation: You are dopey. (Int -2) [a shining eye]
 18309 | Gauntlet | Gained mutation: You do not regenerate when monsters are
                  | visible. [a shining eye]
 18318 | Gauntlet | Gained mutation: Your flesh is cold resistant. (rC+) [a
                  | shining eye]
 18328 | Gauntlet | Lost mutation: You do not regenerate when monsters are
                  | visible. [potion of mutation]
 18328 | Gauntlet | Lost mutation: You are dopey. (Int -2) [potion of mutation]
 18328 | Gauntlet | Lost mutation: You sometimes lose your temper in combat.
                  | [potion of mutation]
 18328 | Gauntlet | Gained mutation: You are robust. (+10% HP) [potion of
                  | mutation]
 18328 | Gauntlet | Gained mutation: You have very sharp teeth. [potion of
                  | mutation]
 18354 | Gauntlet | Identified the amulet of the Lobster {rC+ Regen+ Stlth+}
 18385 | Gauntlet | Noticed a minotaur
 18394 | Gauntlet | Killed a minotaur
 18399 | Gauntlet | Identified the ring "Loppiebb" {Str+6 Dex+2}
 19138 | Lair:4   | Found a runed translucent door.
 19139 | Lair:4   | Noticed an acid blob
 19140 | Lair:4   | Found a viscous altar of Jiyva.
 19142 | Lair:4   | Found a staircase to the Slime Pits.
 19240 | Lair:4   | Received a gift from Okawaru
 19466 | Lair:4   | Identified the +0 buckler "Zim Icoi" {rN+}
 19549 | Lair:4   | Gained mutation: Your demonic aura sometimes causes spilled
                  | blood to erupt in flames. [demonic ancestry]
 19549 | Lair:4   | Reached XP level 14. HP: 117/127 MP: 17/17
 20082 | Orc:1    | Entered Level 1 of the Orcish Mines
 20145 | Orc:1    | Found Erev's Overcharged Wands.
 20335 | Orc:2    | Entered Level 2 of the Orcish Mines
 20340 | Orc:2    | Reached skill level 14 in Shapeshifting
 20715 | Orc:2    | Found a staircase to the Elven Halls.
 20982 | Orc:2    | Paralysed by an ogre mage for 2 turns
 20986 | Orc:2    | Received a gift from Okawaru
 21099 | Orc:2    | Found Texui's Antique Weapon Shop.
 21102 | Orc:2    | Paralysed by an ogre mage for 3 turns
 21133 | Orc:2    | Found Nevumou's Armour Shoppe.
 21138 | Orc:2    | Found Kepac's Weapon Emporium.
 21141 | Orc:2    | Mangled by a two-headed ogre

Illustrated notes

Levels and vault maps discovered:
D:1:      elethiomel_arrival_infinity_welcomes_careful_drivers, layout_basic,
          dreamdust_princess_corridor
D:2:      cheibrodos_old_hovel, layout_basic, serial_shops, shop,
          nicolae_the_louvre
D:3:      layout_loops_ring, tgw_fedhas, patterned_corridor
D:4:      layout_basic, nicolae_gozag_zags_fifth_avenue,
          nicolae_dithmenos_shadow_blocks, minmay_temple_entry_mini_moons,
          uniq_grinder, uniq_blork_the_orc, uniq_duvessa
D:5:      layout_rooms, uniq_sigmund
D:6:      layout_cave_pools, good_gods_temple_1, general_overflow_altar,
          minmay_tree_intersection, lemuel_flamethrower_2
D:7:      layout_basic, nicolae_ossuary_entry_giza,
          chequers_serial_rivers_micro_a
D:8:      layout_basic, kennysheep_little_box, minitemple, enter_bailey_4,
          uniq_maurice
D:9:      layout_roguey, pdpol_wu_jian_five_deadly_venoms, lair_entry_dummy,
          uniq_erica
D:10:     layout_roguey
D:11:     layout_rooms, nicolae_fountain_basement
Lair:1:   layout_misc_corridors, gammafunk_ghost_cemetery
Lair:2:   layout_regular_city, minmay_shoals_entry_beasts, wad_woods_02,
          infiniplex_staircase_pool
Lair:3:   layout_regular_city, minmay_snake_entry_guardpost_medium, uniq_sonja
Lair:4:   layout_roguey [special_room_bee], slime_entry_2,
          gauntlet_entry_generic, kennysheep_rathole
Lair:5:   evil_forest, layout_regular_city
Orc:1:    layout_diamond_mine, nicolae_shop_overcharged_wands
Orc:2:    st_orc_open, layout_caves, basic_altar

Skill      XL: |  1  2  3  4  5  6  7  8  9 10 11 12 13 14 |
---------------+-------------------------------------------+-----
Air Magic      | 3 |  3.0
Unarmed Combat | 1 2 3 4 5 6 7 9 10 11 | 11.8
Fighting       | 1 2 3 5 7 9 10 12 13 | 13.4
Invocations    | 2 3 |  3.0
Shapeshifting  | 8 11 13 14 | 14.1
Dodging        | 3 6 |  6.6
Stealth        | |  1.7
Spellcasting   | |  2.0
Conjurations   | |  1.7

Action                     |  1- 3 |  4- 6 |  7- 9 | 10-12 | 13-15 || total
---------------------------+-------+-------+-------+-------+-------++-------
  Melee: Unarmed           |    17 |    85 |   261 |   600 |   522 ||  1485
         Headbutt          |     2 |    18 |    57 |    67 |       ||   144
         Dagger            |     4 |       |       |       |       ||     4
         Tailslap          |       |    11 |    31 |    39 |       ||    81
         Punch             |       |     1 |    11 |    20 |       ||    32
         Constrict         |       |       |       |    69 |   120 ||   189
  Throw: Dart              |       |       |     6 |       |       ||     6
         Boomerang         |       |       |     1 |       |       ||     1
   Cast: Shock             |    92 |    54 |   106 |    33 |       ||   285
 Invoke: Heroism           |       |       |     5 |     8 |     9 ||    22
Ability: Begin Untransform |       |       |       |       |     1 ||     1
  Evoke: Wand              |       |       |     3 |       |    12 ||    15
    Use: Potion            |       |     1 |     3 |     4 |     5 ||    13
         Scroll            |       |    10 |    13 |     6 |     9 ||    38
   Stab: Sleeping          |       |     2 |     3 |     2 |     3 ||    10
         Paralysed         |       |       |       |       |     1 ||     1
 Armour: Robe              |    12 |    31 |   134 |    66 |       ||   243
         Skin              |       |       |     4 |   276 |   337 ||   617
         Leather armour    |       |       |     2 |       |       ||     2
  Dodge: Dodged            |    26 |    67 |   201 |   417 |   429 ||  1140
   Form: Anaconda          |       |       |       |     1 |     1 ||     2

Table legend: (Time is in decaauts)
 A = Elapsed time spent in this place.
 B = Non-inter-level travel time spent in this place.
 C = Inter-level travel time spent in this place.
 D = Time resting spent in this place.
 E = Time spent auto-exploring this place.
 F = Levels seen in this place.
 G = Mean time per level.
                   A        B        C        D        E       F      G
               +--------+--------+--------+--------+--------+-----+--------+
         Total |  20896 |  19995 |    901 |   2241 |  13736 |  21 |  995.0 |
       Dungeon |  11546 |  10829 |    717 |    837 |   8181 |  11 | 1049.6 |
          Lair |   6393 |   6223 |    170 |   1101 |   3834 |   5 | 1278.6 |
  Orcish Mines |   1028 |   1015 |     13 |     72 |    553 |   2 |  514.0 |
       Ossuary |    502 |    502 |      0 |      0 |    374 |   1 |  502.0 |
        Bailey |   1047 |   1047 |      0 |    230 |    620 |   1 | 1047.0 |
      Gauntlet |    379 |    379 |      0 |      0 |    172 |   1 |  379.0 |
               +--------+--------+--------+--------+--------+-----+--------+

Top non-repeatable levels by time:
  Lair:2: 1930 daAuts
  Lair:1: 1898 daAuts
  Lair:3: 1611 daAuts
     D:1: 1563 daAuts
     D:3: 1216 daAuts
     D:6: 1139 daAuts
     D:9: 1131 daAuts
    D:10: 1087 daAuts
     D:7: 1077 daAuts
  Bailey: 1047 daAuts
    D:11: 1012 daAuts
     D:2: 958 daAuts
  Lair:4: 937 daAuts
     D:8: 872 daAuts
     D:4: 818 daAuts
